Map: Prion Terraces

Players

SEiSHiN

  • Race: Terran Terran
  • League: Gold

Pudge - Winner!

  • Race: Protoss Protoss
  • League: Gold

VOD

Have the link to the VOD?

Description

Time

  • Played on: Nov. 28, 2015, 12:43 a.m.
  • Length: 6:45
Show
View Real Time Build Order
Export as new Build Order

SEiSHiN Terran 

Build Orders: Reaper Expand 

Get SALT Encoding   

  12  0:00  SCV  
  13  0:12  SCV  
  14  0:18  Supply Depot  
  14  0:24  SCV  
  15  0:39  SCV  
  15  0:41  Barracks  
  16  0:44  Refinery  
  16  0:51  SCV  
  17  1:04  SCV  
  18  1:16  SCV  
  19  1:28  Reaper  
  19  1:30  Orbital Command  
  20  1:44  Command Center  
  20  1:55  SCV  
  20  1:57  Supply Depot  
  20  2:01  Barracks Reactor  
  21  2:10  SCV  
  22  2:18  Barracks  
  22  2:22  SCV  
  23  2:31  Factory  
  23  2:34  SCV  
  24  2:39  Marine  
  24  2:40  Marine  
  26  2:46  SCV  
  27  3:00  Orbital Command  
  27  3:05  Barracks Tech Lab, Bunker  
  27  3:11  Marine  
  27  3:12  Marine  
  29  3:13  SCV  
  29  3:15  Bunker  
  29  3:18  Refinery  
  30  3:23  Widow Mine  
  30  3:27  Starport  
  32  3:38  Marine x2  
  32  3:39  Marauder  
  36  3:43  SCV x2  
  38  3:57  Marine  
  38  3:58  Marine  
  38  4:00  SCV x2  
  42  4:02  Widow Mine  
  44  4:10  Medivac  
  46  4:20  Stimpack  
  46  4:45  Marine  
  46  4:47  Marine  
  46  4:48  SCV  
  46  4:49  Marine  
  46  4:51  SCV  
  44  5:00  SCV  
  44  5:03  SCV  
  38  5:43  Orbital Command  
  38  5:54  Marine  
  38  5:56  Marine  
  38  5:59  Marauder  
  35  6:19  Orbital Command  
Show
View Real Time Build Order
Export as new Build Order

Pudge Protoss - Winner!

Build Orders: Dark Templar Rush 

Get SALT Encoding   

  12  0:01  Probe (Chrono Boost)  
  13  0:11  Probe (Chrono Boost)  
  14  0:22  Probe (Chrono Boost)  
  14  0:26  Pylon  
  15  0:36  Assimilator  
  15  0:38  Assimilator  
  15  0:44  Probe (Chrono Boost)  
  16  0:50  Gateway  
  16  0:55  Probe (Chrono Boost)  
  17  1:05  Probe (Chrono Boost)  
  18  1:16  Probe (Chrono Boost)  
  19  1:26  Probe (Chrono Boost)  
  20  1:37  Cybernetics Core, Probe (Chrono Boost)  
  21  1:40  Zealot  
  23  1:50  Pylon  
  23  2:08  Probe (Chrono Boost)  
  24  2:13  Stalker  
  24  2:14  Warp Gate (Chrono Boost)  
  26  2:19  Probe  
  27  2:23  Twilight Council  
  27  2:31  Probe  
  28  2:43  Probe  
  29  2:52  Gateway  
  29  2:53  Gateway  
  29  2:55  Pylon  
  29  2:59  Probe  
  30  3:05  Dark Shrine  
  30  3:11  Probe  
  31  3:19  Stalker  
  33  3:23  Probe  
  33  3:57  Pylon  
  33  3:58  Nexus  
  33  4:11  Forge  
  33  4:17  Pylon  
  33  4:19  Dark Templar  
  33  4:21  Dark Templar  
  37  4:24  Probe  
  37  4:30  Dark Templar  
  40  4:37  Probe  
  39  4:49  Probe  
  39  4:52  Dark Templar  
  40  5:04  Dark Templar  
  42  5:13  Dark Templar  
  42  5:29  Dark Templar  
  42  5:30  Probe  
  42  5:31  Probe  
  46  5:40  Probe  
  43  5:43  Probe, Dark Templar  
  46  5:51  Probe, Dark Templar  
  49  6:13  Probe  
  49  6:14  Stalker  
  49  6:28  Dark Templar  
Tags
 
Add a new tag
Caveats
  • Supply blocks, unpowered buildings, or Contaminate may cause inaccurate times.
  • Supply counts are checked every 10 seconds.